 Dungeon Crawl Stone Soup version 0.24-a0-201-gf2055891f0 (webtiles) character file.

Game seed: 13441178879720447126

470508 Orphidia the Ruinous (level 23, -24/165 HPs)
             Began as a Mummy Wizard on Mar 23, 2019.
             Was a High Priest of Sif Muna.
             Annihilated by a spark wasp (25 damage)
             ... on level 4 of the Depths on Mar 24, 2019.
             The game lasted 04:26:05 (110256 turns).

Orphidia the Ruinous (Mummy Wizard)               Turns: 110256, Time: 04:26:05

Health: -24/165    AC: 14    Str: 11    XL:     23   Next: 78%
Magic:  25/42      EV: 19    Int: 32    God:    Sif Muna [*****.]
Gold:   4494       SH:  3    Dex: 19    Spells: 3/52 levels left

rFire    . . .     SeeInvis +   c - +7 great sword of Righteous Fury {slice, Int+7 Dex+7 SInv}
rCold    + . .     Gourm    .   (shield currently unavailable)
rNeg     + + +     Faith    .   s - +2 robe {Archmagi}
rPois    ∞         Spirit   .   O - +2 helmet {SInv}
rElec    .         Reflect  +   M - +0 cloak
rCorr    .         Harm     .   H - +2 pair of gloves
MR       ++...                  d - +2 pair of boots
Stlth    ++........             U - +3 amulet of reflection
HPRegen  0.37/turn              A - ring of wizardry
MPRegen  0.28/turn              G - ring of protection from fire

@: very slightly contaminated, studying 2 skills
A: no food or potions, fire vulnerability, cold resistance 1, negative energy
resistance 3, torment resistance, unbreathing, in touch with death 1
}: 1/15 runes: gossamer
a: Divine Energy, Channel Magic, Forget Spell, Renounce Religion


You were on level 4 of the Depths.
You worshipped Sif Muna.
Sif Muna was extremely pleased with you.
You were not hungry.

You visited 9 branches of the dungeon, and saw 43 of its levels.
You visited the Abyss 1 time.

You collected 6016 gold pieces.
You spent 1522 gold pieces at shops.


Innate Abilities, Weirdness & Mutations

You do not eat or drink.
Your flesh is vulnerable to fire.
You are immune to poison.
Your flesh is cold resistant. (rC+)
You are immune to negative energy. (rN+++)
You are immune to unholy pain and torment.
You can survive without breathing.
You are in touch with the powers of death.


   Skills:
 - Level 10.0 Fighting
 - Level 8.3 Dodging
 - Level 1.5 Stealth
 - Level 15.0 Spellcasting
 + Level 21.7 Conjurations
   Level 0.7 Summonings
 - Level 10.0 Necromancy
 - Level 0.7 Translocations
 - Level 4.0 Fire Magic
 * Level 19.9 Ice Magic
 - Level 9.0 Invocations
 - Level 6.0 Evocations


You had 3 spell levels left.
You knew the following spells:

 Your Spells              Type           Power        Failure   Level  Hunger
a - Apportation           Tloc           #####.       1%          1    N/A
b - Blink                 Tloc           N/A          1%          2    N/A
o - Orb of Destruction    Conj           ########..   1%          7    N/A
A - Throw Icicle          Conj/Ice       ########     0%          4    N/A
B - Iskenderun's Mystic   Conj           ########     0%          4    N/A
C - Bolt of Cold          Conj/Ice       ########..   1%          6    N/A
D - Freezing Cloud        Conj/Ice/Air   ########..   1%          6    N/A
E - Fireball              Conj/Fire      ########..   1%          5    N/A
F - Glaciate              Conj/Ice       ########..   14%         9    N/A
G - Dispel Undead         Necr           ########     1%          5    N/A

Your spell library contained the following spells:

 Spells                   Type           Power        Failure   Level  Hunger
 Flame Tongue             Conj/Fire      #####        0%          1    N/A
 Freeze                   Ice            ####         0%          1    N/A
 Magic Dart               Conj           ####         0%          1    N/A
 Shock                    Conj/Air       ####         0%          1    N/A
 Sting                    Conj/Pois      ####         0%          1    N/A
 Searing Ray              Conj           ######       0%          2    N/A
 Throw Flame              Conj/Fire      ######       0%          2    N/A
 Throw Frost              Conj/Ice       ######       0%          2    N/A
 Animate Skeleton         Necr           N/A          1%          1    N/A
 Confusing Touch          Hex            #####.       1%          1    N/A
 Corona                   Hex            #####..      1%          1    N/A
 Infusion                 Chrm           ####         1%          1    N/A
 Pain                     Necr           ####         1%          1    N/A
 Sandblast                Erth           #####.       1%          1    N/A
 Summon Butterflies       Summ           #####...     1%          1    N/A
 Summon Small Mammal      Summ           ####         1%          1    N/A
 Call Imp                 Summ           #####...     1%          2    N/A
 Corpse Rot               Necr           N/A          1%          2    N/A
 Ensorcelled Hibernation  Hex/Ice        ######       1%          2    N/A
 Passwall                 Tmut/Erth      #####...     1%          2    N/A
 Shroud of Golubria       Chrm/Tloc      #####.....   1%          2    N/A
 Slow                     Hex            #####...     1%          2    N/A
 Song of Slaying          Chrm           #####...     1%          2    N/A
 Sticks to Snakes         Tmut           #####...     1%          2    N/A
 Swiftness                Chrm/Air       #####...     1%          2    N/A
 Call Canine Familiar     Summ           #####...     1%          3    N/A
 Conjure Flame            Conj/Fire      ########     1%          3    N/A
 Dazzling Spray           Conj/Hex       ######       1%          3    N/A
 Gell's Gravitas          Tloc           #####.....   1%          3    N/A
 Ignite Poison            Fire/Tmut/Pois #####...     1%          3    N/A
 Inner Flame              Hex/Fire       ######..     1%          3    N/A
 Lesser Beckoning         Tloc           #####.....   1%          3    N/A
 Mephitic Cloud           Conj/Pois/Air  #######.     1%          3    N/A
 Ozocubu's Armour         Chrm/Ice       #######.     1%          3    N/A
 Portal Projectile        Hex/Tloc       #####.       1%          3    N/A
 Recall                   Summ/Tloc      N/A          1%          3    N/A
 Static Discharge         Conj/Air       #######.     1%          3    N/A
 Stone Arrow              Conj/Erth      ######       1%          3    N/A
 Summon Guardian Golem    Hex/Summ       #####...     1%          3    N/A
 Teleport Other           Tloc           #####...     1%          3    N/A
 Vampiric Draining        Necr           ########..   1%          3    N/A
 Confuse                  Hex            #####...     2%          3    N/A
 Spectral Weapon          Hex/Chrm       #####...     2%          3    N/A
 Tukima's Dance           Hex            #####...     2%          3    N/A
 Animate Dead             Necr           N/A          1%          4    N/A
 Force Lance              Conj/Tloc      #######.     1%          4    N/A
 Fulminant Prism          Conj/Hex       #######...   1%          4    N/A
 Sticky Flame             Conj/Fire      ########     1%          4    N/A
 Summon Ice Beast         Ice/Summ       #######.     1%          4    N/A
 Agony                    Necr           ########     1%          5    N/A
 Bolt of Draining         Conj/Necr      ########..   1%          5    N/A
 Bolt of Magma            Conj/Fire/Erth #######...   1%          5    N/A
 Irradiate                Conj/Tmut      #######...   1%          5    N/A
 Iskenderun's Battlesphe  Conj/Chrm      #######.     1%          5    N/A
 Lightning Bolt           Conj/Air       #######...   1%          5    N/A
 Metabolic Englaciation   Hex/Ice        #######...   1%          5    N/A
 Venom Bolt               Conj/Pois      #######...   1%          5    N/A
 Bolt of Fire             Conj/Fire      ########..   1%          6    N/A
 Conjure Ball Lightning   Conj/Air       #######...   1%          6    N/A
 Death Channel            Necr           ########..   1%          6    N/A
 Iron Shot                Conj/Erth      #######...   1%          6    N/A
 Ozocubu's Refrigeration  Ice            ########..   1%          6    N/A
 Poison Arrow             Conj/Pois      #######...   1%          6    N/A
 Simulacrum               Ice/Necr       ########..   1%          6    N/A
 Borgnjor's Vile Clutch   Necr/Erth      #######...   2%          5    N/A
 Excruciating Wounds      Chrm/Necr      #######...   2%          5    N/A
 Passage of Golubria      Tloc           N/A          6%          4    N/A
 Summon Lightning Spire   Summ/Air       #####...     6%          4    N/A
 Spellforged Servitor     Conj/Summ      #######...   6%          7    N/A
 Airstrike                Air            #####.....   8%          4    N/A
 Cause Fear               Hex            #####.....   8%          4    N/A
 Leda's Liquefaction      Hex/Erth       #####.....   8%          4    N/A
 Petrify                  Tmut/Erth      #####...     8%          4    N/A
 Aura of Abjuration       Summ           #####.....   16%         5    N/A
 Summon Forest            Summ/Tloc      #####.....   16%         5    N/A
 Summon Mana Viper        Hex/Summ       #####...     17%         5    N/A
 Alistair's Intoxication  Tmut/Pois      #####...     21%         5    N/A
 Lee's Rapid Deconstruct  Erth           #####.....   21%         5    N/A
 Silence                  Hex/Air        #####.....   21%         5    N/A
 Yara's Violent Unravell  Hex/Tmut       #####.....   21%         5    N/A
 Chain Lightning          Conj/Air       #######...   45%         8    N/A
 Lehudib's Crystal Spear  Conj/Erth      #######...   45%         8    N/A
 Haunt                    Necr/Summ      #######...   52%         7    N/A
 Infestation              Necr           ########..   58%         8    N/A
 Dispersal                Tloc           #####.....   61%         6    N/A
 Shadow Creatures         Summ           N/A          61%         6    N/A
 Darkness                 Hex            #####.....   69%         6    N/A
 Deflect Missiles         Chrm/Air       #####.....   69%         6    N/A
 Invisibility             Hex            #####...     69%         6    N/A
 Ring of Flames           Chrm/Fire      ######....   92%         7    N/A
 Fire Storm               Conj/Fire      ########..   97%         9    N/A
 Malign Gateway           Summ/Tloc      #####.....   98%         7    N/A
 Monstrous Menagerie      Summ           #####.....   98%         7    N/A
 Summon Hydra             Summ           #####.....   98%         7    N/A
 Ignition                 Fire           ######....   100%        8    N/A
 Dragon's Call            Summ           #####.....   100%        9    N/A
 Shatter                  Erth           #####.....   100%        9    N/A
 Tornado                  Air            #####.....   100%        9    N/A
 Regeneration             Chrm/Necr      Unusable     N/A         3    N/A
 Borgnjor's Revivificati  Necr           Unusable     N/A         8    N/A
 Hydra Form               Tmut           Unusable     N/A         6    N/A
 Statue Form              Tmut/Erth      Unusable     N/A         6    N/A
 Dragon Form              Tmut           Unusable     N/A         7    N/A
 Death's Door             Chrm/Necr      Unusable     N/A         8    N/A
 Necromutation            Tmut/Necr      Unusable     N/A         8    N/A

Action                   |  1- 3 |  4- 6 |  7- 9 | 10-12 | 13-15 | 16-18 | 19-21 | 22-24 || total
-------------------------+-------+-------+-------+-------+-------+-------+-------+-------++-------
Melee: Mace              |     9 |    23 |    20 |       |       |       |       |       ||    52
       Dagger            |       |       |    74 |       |       |       |       |       ||    74
       Whip              |       |       |    12 |   336 |       |       |       |       ||   348
       Quarterstaff      |       |       |       |    39 |   167 |    73 |    50 |       ||   329
       Staff             |       |       |       |       |       |       |       |     4 ||     4
       Great sword       |       |       |       |       |       |       |       |     3 ||     3
Throw: Tomahawk          |       |       |     1 |       |       |       |       |       ||     1
       Javelin           |       |       |       |     1 |     3 |    10 |     1 |     2 ||    17
 Cast: Magic Dart        |   123 |    93 |   165 |   242 |    43 |       |       |       ||   666
       Call Imp          |     8 |     3 |     1 |     1 |       |       |       |       ||    13
       Mephitic Cloud    |       |    15 |    29 |    60 |    11 |     4 |       |       ||   119
       Conjure Flame     |       |    13 |    29 |    63 |     4 |     4 |       |       ||   113
       Iskenderun's Myst |       |       |       |   185 |   590 |    88 |    17 |     5 ||   885
       Fulminant Prism   |       |       |       |     6 |    27 |     1 |       |       ||    34
       Blink             |       |       |       |       |     7 |    27 |     9 |     3 ||    46
       Orb of Destructio |       |       |       |       |    69 |   112 |    49 |    49 ||   279
       Throw Icicle      |       |       |       |       |    94 |   523 |   260 |    96 ||   973
       Fireball          |       |       |       |       |       |    69 |   249 |    20 ||   338
       Bolt of Magma     |       |       |       |       |       |    21 |    49 |       ||    70
       Dispel Undead     |       |       |       |       |       |       |   265 |    16 ||   281
       Bolt of Cold      |       |       |       |       |       |       |     8 |    69 ||    77
       Freezing Cloud    |       |       |       |       |       |       |     1 |     5 ||     6
       Glaciate          |       |       |       |       |       |       |       |    81 ||    81
       Apportation       |       |       |       |       |       |       |       |     1 ||     1
Invok: Channel Magic     |       |       |       |       |     1 |     4 |    12 |     4 ||    21
       Forget Spell      |       |       |       |       |     1 |     1 |     3 |       ||     5
 Abil: Evoke Flight      |       |       |       |       |       |       |     1 |       ||     1
Evoke: Wand              |       |       |       |     2 |    13 |    17 |    16 |     2 ||    50
       Phial of floods   |       |       |       |       |     2 |     1 |     2 |       ||     5
       Lightning rod     |       |       |       |       |     4 |     8 |    10 |     3 ||    25
       Lamp of fire      |       |       |       |       |       |       |     1 |     1 ||     2
  Use: Scroll            |     4 |     5 |     6 |     7 |     5 |     7 |     9 |    14 ||    57
 Stab: Confused          |       |     1 |     7 |    15 |     3 |       |       |       ||    26
Armor: Robe              |     2 |     3 |     4 |   116 |   101 |   133 |   109 |    38 ||   506
       Leather armour    |       |       |    52 |       |       |       |       |       ||    52
Dodge: Dodged            |    20 |     8 |    94 |   262 |   389 |   336 |   236 |    94 ||  1439
Block: Other             |       |       |       |       |       |       |       |    12 ||    12
       Reflection        |       |       |       |       |       |       |       |     4 ||     4
       Rpst.: Great sword |       |       |       |       |       |       |       |     5 ||     5

Inventory:

Hand Weapons
 a - the +6 quarterstaff "Xygrul" {crush, rC+ Int+4}
   (You took it off an orc wizard on level 12 of the Dungeon)

   It inflicts extra damage upon your enemies.
   It affects your intelligence (+4).
   It protects you from cold.
 c - the +7 great sword of Righteous Fury (weapon) {slice, Int+7 Dex+7 SInv}
   (You bought it in a shop on level 2 of the Depths)

   It inflicts extra damage upon your enemies.
   It affects your intelligence (+7).
   It affects your dexterity (+7).
   It lets you see invisible.
Missiles
 j - 7 throwing nets
 t - 13 javelins of returning (quivered)
Armour
 d - a +2 pair of boots (worn)
 o - a +3 buckler of protection
 s - a +2 robe of the Archmagi (worn)
 H - a +2 pair of gloves (worn)
 M - a +0 cloak (worn)
 O - a +2 helmet of see invisible (worn)
 W - the +5 robe of Night {Dark MR+ SInv}
   (You took it off a deep elf high priest on level 2 of the Depths)

   It affects your resistance to hostile enchantments.
   It lets you see invisible.
Magical Staves
 f - an uncursed staff of fire
 x - an uncursed staff of cold
 T - an uncursed staff of air
 X - an uncursed staff of conjuration {!a}
Jewellery
 h - a +5 ring of protection
 n - an uncursed ring of resist corrosion
 q - an uncursed ring of protection from cold
 u - a +4 ring of protection
 w - an uncursed ring of see invisible
 A - a ring of wizardry (left hand)
 C - a +4 ring of evasion
 G - a ring of protection from fire (right hand)
 P - the ring "Moesol Tone" {rC++ rN+ MR+ Dex+3}
   (You found it on level 3 of the Crypt)

   [ring of positive energy]

   It affects your dexterity (+3).
   It greatly protects you from cold.
   It protects you from negative energy.
   It affects your resistance to hostile enchantments.
 Q - the ring of Okutiph {rF- rN+ Str+2 Int+10}
   (You found it on level 3 of the Crypt)

   [ring of positive energy]

   It affects your strength (+2).
   It affects your intelligence (+10).
   It makes you vulnerable to fire.
   It protects you from negative energy.
 R - an uncursed ring of flight
 U - a +3 amulet of reflection (around neck)
Wands
 b - a wand of polymorph (5)
 i - a wand of acid (9)
 l - a wand of scattershot (4)
 E - a wand of clouds (1)
 I - a wand of disintegration (38)
 J - a wand of digging (4)
 V - a wand of flame (20)
Scrolls
 g - 14 scrolls of remove curse
 k - 14 scrolls of teleportation
 m - a scroll of silence
 p - 8 scrolls of enchant weapon
 r - 19 scrolls of identify
 v - a scroll of fear
 z - 8 scrolls of magic mapping
 B - 6 scrolls of fog
 D - 2 scrolls of enchant armour
 S - a scroll of amnesia
Books
 e - a manual of Fighting
 Z - a manual of Evocations
Miscellaneous
 F - a phial of floods
 K - a lightning rod (4/4)
 L - a lamp of fire
 N - a fan of gales

#.#######...##...
#..........##....
#.########..##... ##.#
#...##.. #..# #....##.
#..# #.....## #..#
#......# #y.# #......#
#@.# #......# #..#
#......# #..# #......#
#..# ######......#
#..# #.....)......
#..# #............
#.y###............
#..§.'............
#####'####............


You could see 2 spark wasps.

Vanquished Creatures
  An ancient lich (Crypt:3)
  Bai Suzhen (Spider:4)
  4 caustic shrikes
  2 golden dragons (Depths:4)
  A profane servitor (Crypt:3)
  A bone dragon (Crypt:3)
  Arachne (Spider:2)
  5 liches
  A tentacled monstrosity (Depths:4)
  Jorgrun (D:14)
  Asterion (Spider:4)
  A titan (Depths:4)
  A deep elf blademaster (Elf:3)
  A quicksilver dragon (Depths:4)
  Gastronok (D:8)
  2 ancient champions
  A deep elf master archer (Elf:3)
  3 sphinxes
  A shadow dragon (Depths:4)
  3 tengu reavers
  8 frost giants
  A revenant (Crypt:3)
  9 fire giants
  An iron dragon (Depths:5)
  10 vault wardens
  2 ghost moths
  8 deep elf sorcerers (Elf:3)
  An orc warlord (D:12)
  8 emperor scorpions
  Louise (D:15)
  6 ghouls
  13 ironheart preservers
  4 deep elf elementalists (Elf:3)
  4 spriggan defenders
  17 stone giants
  2 curse skulls
  3 vampire knights
  A purple draconian (Depths:5)
  4 entropy weavers
  4 very ugly things
  5 deep elf demonologists (Elf:3)
  9 spark wasps
  Azrael (D:14)
  7 deep elf annihilators
  8 deep elf death magi
  6 ettins
  Snorg (D:10)
  23 jiangshi
  6 eidola
  6 great orbs of eyes
  7 deep elf high priests
  Josephine (Orc:1)
  8 fire dragons
  2 rakshasas
  14 ice dragons
  A green death (Depths:2)
  9 ogre magi
  11 yaktaur captains
  12 vault guards
  A catoblepas (Lair:4)
  A monstrous demonspawn (Depths:3)
  Harold (D:7)
  5 spriggan air magi
  6 hydras
  A hell beast (Depths:3)
  25 two-headed ogres
  An anaconda (shapeshifter) (Vaults:4)
  13 deep troll shamans
  8 centaur warriors
  6 death knights
  7 deep troll earth magi
  4 tengu warriors
  5 vampire magi
  15 dancing weapons
  5 orc high priests
  Urug (Lair:2)
  A spectral dire elephant (Crypt:3)
  2 spriggan berserkers
  A soul eater (Depths:3)
  Nergalle (D:10)
  3 spriggans (Depths:3)
  A titan skeleton (Crypt:2)
  3 hell knights
  18 deep elf knights
  A fire crab (shapeshifter) (Elf:1)
  An anaconda zombie (Crypt:1)
  A salamander mystic (Depths:1)
  20 skeletal warriors
  7 iron trolls
  An iron troll (shapeshifter) (Elf:1)
  6 glowing orange brains
  8 unseen horrors (Depths:1)
  An orange crystal statue (Elf:3)
  14 deep elf archers
  A torturous demonspawn (Depths:3)
  6 flayed ghosts
  28 deep trolls
  5 wizards
  9 ironbrand convokers
  3 necromancers
  11 phantasmal warriors
  Pikel (D:7)
  16 orc knights
  8 harpies (Vaults:4)
  A cyclops (shapeshifter) (Vaults:3)
  55 deep elf magi
  15 orb spiders
  15 ugly things
  4 salamanders (Depths:1)
  41 wolf spiders
  8 cyclopes
  4 orc sorcerers
  4 moths of wrath
  An eye of devastation (Vaults:3)
  A guardian serpent (shapeshifter) (Vaults:1)
  A guardian serpent (Lair:6)
  Psyche (D:8)
  12 vault sentinels
  23 spiny frogs
  A black mamba (shapeshifter) (D:15)
  10 black mambas
  A spectral iron troll (Crypt:1)
  4 elephants (Lair:6)
  A frost giant skeleton (Crypt:2)
  3 torpor snails
  2 centaur skeletons
  3 orange demons
  A kobold demonologist (D:9)
  7 rime drakes (Lair:4)
  An efreet (D:15)
  An ice devil (Depths:3)
  13 demonic crawlers
  A purple draconian skeleton (Crypt:2)
  A hellwing (Depths:5)
  2 spectral deep trolls (Crypt:1)
  An iron troll zombie (Crypt:2)
  6 red devils
  14 freezing wraiths
  10 komodo dragons
  A tengu conjurer (Depths:4)
  71 yaktaurs
  A pale draconian skeleton (Crypt:2)
  A troll (shapeshifter) (D:14)
  A death drake zombie (Crypt:1)
  25 jumping spiders
  2 merfolk (Lair:4)
  8 trolls
  A large abomination (Crypt:3)
  2 meliai (shapeshifter)
  11 tyrant leeches
  12 polar bears
  A hydra skeleton (Crypt:1)
  10 hornets
  A hornet (shapeshifter) (Depths:2)
  11 hippogriffs
  A fire giant simulacrum (Vaults:1)
  3 raiju (Lair:6)
  A bog body (Crypt:2)
  A stone giant simulacrum (Crypt:3)
  12 blink frogs
  25 slime creatures
  11 dream sheep
  An ice dragon skeleton (Crypt:1)
  3 air elementals
  62 redbacks
  9 water elementals
  38 tarantellas
  10 wraiths
  A vampire (D:14)
  A redback (shapeshifter) (Depths:3)
  4 shadows
  79 flying skulls
  22 wyverns
  A steam dragon (D:11)
  72 yaks
  4 fire bats (Depths:1)
  6 fire elementals
  7 basilisks
  Grum (D:8)
  5 vampire mosquitoes
  A hungry ghost (D:12)
  A harpy simulacrum (Crypt:3)
  5 swamp worms (Lair:5)
  14 wargs
  A deep troll zombie (Crypt:1)
  Menkaure (D:6)
  13 water moccasins
  A merfolk skeleton (Crypt:1)
  4 acid dragons
  A gelid demonspawn skeleton (Crypt:1)
  A soldier ant (D:7)
  12 porcupines
  A floating eye (Depths:2)
  A deep troll skeleton (Crypt:2)
  16 hell hounds
  4 ice beasts
  A hornet zombie (D:12)
  33 orc warriors
  3 small abominations (Crypt:3)
  6 sky beasts
  A lindwurm zombie (Crypt:2)
  6 necrophages
  2 slaves (D:7)
  An eye of draining (shapeshifter) (Vaults:2)
  A swamp drake (Depths:5)
  12 black bears
  4 phantoms
  3 eyes of draining
  33 ogres
  27 wolves
  9 boggarts
  22 centaurs
  9 crocodiles
  A draconian zombie (Crypt:2)
  13 big kobolds
  13 bullfrogs
  A bullfrog (shapeshifter) (Vaults:4)
  A salamander skeleton (Crypt:1)
  2 earth elementals
  A wyvern skeleton (D:8)
  A deep troll simulacrum (Vaults:3)
  11 scorpions
  10 killer bees
  4 wights (D:11)
  6 electric eels
  5 howler monkeys
  6 crimson imps
  2 quasits
  A bullfrog zombie (D:11)
  6 centaur zombies
  3 jellies
  2 bullfrog skeletons
  17 orc priests
  3 hounds
  4 iron imps
  32 orc wizards
  2 iguanas
  Natasha (thrice) (D:2)
  12 worker ants
  A killer bee zombie (D:7)
  2 polar bear simulacra (D:14)
  A yak simulacrum (D:14)
  A wolf simulacrum (D:14)
  A crocodile zombie (Crypt:2)
  2 worker ant zombies
  Robin (D:2)
  A swamp drake zombie (Crypt:1)
  8 adders
  8 shadow imps
  3 white imps
  2 ufetubi (Depths:3)
  An adder zombie (D:5)
  4 worms
  5 dart slugs
  9 leopard geckos
  129 orcs
  10 bats
  3 giant cockroaches
  12 goblins
  7 hobgoblins
  6 quokkas
  2 ball pythons
  3 frilled lizards
  A giant cockroach zombie (D:5)
  21 kobolds
  A quokka zombie (D:5)
  11 rats
  A river rat simulacrum (D:14)
  4 fungi
  3 plants (Lair:6)
2044 creatures vanquished.

Vanquished Creatures (collateral kills)
  A caustic shrike (Depths:2)
  An ironheart preserver (Vaults:4)
  An ugly thing (Vaults:2)
  A torpor snail (Lair:5)
  A troll (D:12)
  A hornet (Lair:4)
  An orc warrior (D:12)
  A killer bee (D:7)
  A hound (D:6)
  2 worms
11 creatures vanquished.

Vanquished Creatures (others)
  A deep elf mage (Elf:1)
  A centaur zombie (D:14)
  A centaur skeleton (D:14)
  An eye of draining (D:14)
  2 slaves (D:7)
  An orc wizard (Vaults:2)
  A yak simulacrum (D:14)
  3 polar bear simulacra (D:14)
  2 river rat simulacra (D:14)
  52 blocks of ice
  2 bushes (Lair:6)
  34 fulminant prisms
  63 fungi
  53 plants
217 creatures vanquished.

Grand Total: 2272 creatures vanquished

Levels and vault maps discovered:
D:1:      psy_arrival_basics, layout_loops_cross, minmay_misc_feat_room
D:2:      layout_loops_ring, grunt_dithmenos_smoke, first_ration, uniq_natasha,
          uniq_robin
D:3:      layout_loops_ring, marbit_many_paths
D:4:      layout_cave_pods, gammafunk_ghost_cemetery
D:5:      layout_loops_ring, minmay_temple_entry_glass, basic_altar, hex_tiny
D:6:      layout_basic, cheibriados_altar_1, old_standard_altar,
          chequers_temple_overflow_minitemple, grunt_qazlal_sundering,
          uniq_menkaure
D:7:      layout_basic, bloody_trog, grunt_ogre_cave, uniq_pikel, uniq_harold
D:8:      gammafunk_jiyva_shrine, layout_loops_corners,
          nemelex_xobeh_ov_fountains_minmay, uniq_grum, uniq_psyche,
          uniq_gastronok
D:9:      layout_long_grid, nicolae_ru_the_path_less_chosen, special_room
          [special_room_kobold], serial_shops, kennysheep_little_box
D:10:     layout_loops_corners, grunt_lair_entry_orc_guard_hut,
          biasface_ghost_orc_armoury, uniq_snorg, uniq_erica, uniq_nergalle
D:11:     layout_roguey
D:12:     layout_rooms, hiddenorc1_lemuel, basic_altar, enter_trove_6,
          corexii_hall_statues_s, ebering_dispersal_statue_hall
D:13:     layout_cave_pools, uniq_nessos
D:14:     layout_roguey, lightli_vaults_fourway_checkpoint, lemuel_statue_altar,
          basic_altar, chequers_serial_rivers_marsh, eino_house_with_fridge,
          uniq_azrael, uniq_jorgrun
D:15:     grunt_enter_depths_snipers, layout_irregular_city, basic_altar,
          minmay_guarded_unrand_skullcrusher, uniq_louise
Temple:   minmay_temple_curvy_loop
Lair:1:   layout_roguey, basic_altar, infiniplex_staircase_pool
Lair:2:   layout_roguey, minmay_lair_oklob_bushes, st_stairs_5, uniq_urug
Lair:3:   layout_long_grid
Lair:4:   layout_misc_corridors, elwin_shoals_entry_rooms,
          nicolae_spider_entry_non_spiders, special_room
          [special_room_mythical_zoo], minivault_19, beast_lair_carwin_3,
          grunt_megastairs_2
Lair:5:   layout_big_grid, slime_altar_1, worms_lemuel, grunt_megastairs_3
Lair:6:   hangedman_lair_tendril_chambers, layout_loops_ring,
          hangedman_lair_caniforms_friends
Spider:1: layout_spider_delve
Spider:2: layout_spider_delve, uniq_arachne
Spider:3: layout_spider_delve
Spider:4: grunt_spider_rune_circles, uniq_asterion, uniq_bai_suzhen
Orc:1:    layout_caves, serial_shops, shop, bh_open_orc_temple, uniq_josephine
Orc:2:    grunt_orc_tribal_feast, layout_diamond_mine
Elf:1:    layout_gridlike, minivault_28, einodemon_armed_red_devil_minivault
Elf:2:    layout_loops_cross, serial_shops, shop, uniq_nikola
Elf:3:    minmay_elf_hall_curves, layout_onion_city,
          serial_sigils_hangedman_confine, minivault_15
Vaults:1: nicolae_vaults_circle_grid_b, dpeg_vaults_monster_box,
          nicolae_vaults_network_quinsquares
          [nicolae_vaults_network_quincunx_subvault,
          nicolae_vaults_network_quincunx_subvault,
          nicolae_vaults_network_quincunx_subvault,
          nicolae_vaults_network_quincunx_subvault], vaults_dpeg_doors,
          ontoclasm_vaults_fault, v_misc_3, grunt_vaults_twisty,
          vaults_room_door_hall, nicolae_vaults_circle_grid_b,
          ontoclasm_vaults_gateway, vaults_dpeg_diagonal,
          layout_vaults_big_room, serial_shops, nicolae_shop_waterfront
Vaults:2: hangedman_vaults_trim, v_alt_pattern_1, v_misc_13, v_pattern_5,
          vaults_room_stairs_pillars, vaults_room_hallway, v_rooms_5,
          hangedman_vaults_locks, vaults_standard_mumra_x,
          nicolae_vaults_mini_display_case, layout_vaults_ring
Vaults:3: vaults_room_corners, dpeg_vaults_monster_row, st_lattice,
          nicolae_vaults_circle_grid_a, vaults_dpeg_encased_lava,
          vaults_room_pool, layout_vaults_omnigrid,
          minmay_crypt_entry_simple_corners, serial_shops, shop
Vaults:4: ontoclasm_vaults_ring_square, v_rooms_3, ontoclasm_vaults_spin,
          serial_ice_b, nicolae_vaults_little_squares_3,
          nicolae_vaults_what_the_h, v_misc_27, nicolae_vaults_an_arrangement,
          nicolae_vaults_ring_of_whatevers, vaults_mumra_hex,
          nicolae_vaults_shelves_hall, layout_vaults_maze
Crypt:1:  layout_misc_corridors, basic_altar, skrybe_necro_troll_1
Crypt:2:  layout_regular_city
Crypt:3:  grunt_crypt_end_deaths_head
Depths:1: layout_basic, moated_statue, abyss_entry, hell_entry,
          nicolae_rare_books, grunt_ministairs_4, hex_intersection,
          due_unseen_surprise
Depths:2: minmay_tri_box, layout_cave_pools, grunt_hell_entry_dis_grunt,
          hangedman_decor_lopped, rand_demon_pan_entry_4, serial_shops,
          shop_statue
Depths:3: minmay_imperfect_grid, layout_basic, grunt_pan_entry_in_and_out,
          hell_entry, glass_columns_a, kennysheep_just_a_vault
Depths:4: minmay_concentric_multi, layout_gridlike, hell_entry,
          abyss_entry_flame_altar, nicolae_ashenzari_panopticon,
          kennysheep_another_room, chequers_serial_rivers_micro_e,
          serial_bayou_shore_b
Depths:5: lemuel_castle_with_subvaults [lemuel_castle_interior_carwin_1],
          layout_basic, enter_ziggurat_d, serial_shops, shop_scrolls,
          hellmouth_1, nemelex_diamond_rough_becter, minmay_shoptagon
Abyss:2


Message History

The spark wasp stings you!!
* * * LOW HITPOINT WARNING * * *
The spark wasp shocks you!
* * * LOW HITPOINT WARNING * * *
The spark wasp barely misses you.
A black draconian comes into view. It is wielding a +0 battleaxe.
The spark wasp misses you.
You hear a grinding noise.
The spark wasp stings you but does no damage.
You climb upwards.
There is a stone staircase leading down here.
Blink to where?
Press: ? - help, Dir - move target cursor You are very lightly contaminated with residual magic.
As you read the scroll of blinking, it crumbles to dust.
The spark wasp bursts into living lightning!
The living lightning hits you!!
* * * LOW HITPOINT WARNING * * *
The spark wasp blinks!
The spark wasp stings you!!
You die...

Notes
Turn   | Place    | Note
-------+----------+-------------------------------------------
     0 | D:1      | Orphidia the Mummy Wizard began the quest for the Orb.
     0 | D:1      | Reached XP level 1. HP: 13/13 MP: 5/5
   114 | D:1      | Reached skill level 1 in Conjurations
   257 | D:1      | Reached XP level 2. HP: 12/19 MP: 0/7
   327 | D:1      | Learned a level 2 spell: Call Imp
   847 | D:1      | Reached XP level 3. HP: 24/24 MP: 5/9
   887 | D:1      | Learned a level 3 spell: Conjure Flame
   891 | D:1      | Learned a level 3 spell: Mephitic Cloud
   894 | D:1      | Learned a level 2 spell: Blink
  1526 | D:2      | Noticed Robin
  1608 | D:1      | Reached skill level 2 in Conjurations
  1861 | D:2      | Reached skill level 5 in Spellcasting
  2313 | D:2      | Noticed Natasha
  2369 | D:2      | Found a shadowy altar of Dithmenos.
  2937 | D:3      | Found a basalt altar of Yredelemnul.
  3068 | D:3      | Reached XP level 4. HP: 28/30 MP: 4/11
  3165 | D:3      | You fall through a shaft for 3 floors!
  3165 | D:6      | Found an ornate altar of the Wu Jian Council.
  3395 | D:5      | Entered Level 5 of the Dungeon
  3407 | D:5      | Found a hide-covered altar of Uskayaw.
  3716 | D:4      | Noticed an ogre
  3807 | D:4      | Found a runed translucent gate.
  3807 | D:4      | Found a runed translucent gate.
  3807 | D:4      | Found a runed translucent gate.
  3807 | D:4      | Noticed hemabe's ghost (amateur HuAr)
  3892 | D:4      | Noticed hemabe's ghost (novice HuAr)
  5290 | D:2      | Killed Natasha
  5290 | D:2      | Reached XP level 5. HP: 35/35 MP: 5/13
  5373 | D:2      | Noticed Natasha
  5383 | D:2      | Killed Natasha
  5471 | D:2      | Killed Robin
  5471 | D:2      | Reached skill level 3 in Conjurations
  5820 | D:2      | Noticed Natasha
  5831 | D:2      | Killed Natasha
  6469 | D:4      | Reached skill level 1 in Fighting
  6469 | D:4      | Reached XP level 6. HP: 43/43 MP: 1/15
  7272 | D:5      | Noticed a sky beast
  7416 | D:5      | Reached skill level 4 in Conjurations
  7602 | D:5      | Killed a sky beast
  7602 | D:5      | Reached XP level 7. HP: 51/51 MP: 10/16
  7838 | D:5      | Noticed a yak
  7838 | D:5      | Noticed a yak
  7855 | D:5      | Noticed a yak
  7856 | D:5      | Killed a yak
  7856 | D:5      | Reached skill level 5 in Conjurations
  7856 | D:5      | Noticed a yak
  7859 | D:5      | Killed a yak
  7865 | D:5      | Killed a yak
  7865 | D:5      | Reached skill level 5 in Fighting
  7865 | D:5      | Reached XP level 8. HP: 57/62 MP: 6/17
  8026 | D:5      | Found a staircase to the Ecumenical Temple.
  8035 | Temple   | Entered the Ecumenical Temple
  8095 | Temple   | Became a worshipper of Sif Muna the Loreminder
  8392 | D:5      | Reached skill level 6 in Conjurations
  8512 | D:6      | Found a stormy altar of Qazlal.
  8583 | D:6      | Found a snail-covered altar of Cheibriados.
  8876 | D:6      | Reached skill level 1 in Invocations
  8882 | D:6      | Reached skill level 1 in Fire Magic
  9145 | D:6      | Noticed Menkaure
  9154 | D:6      | Killed Menkaure
  9687 | D:6      | Found a burning altar of Makhleb.
  9687 | D:6      | Found a faded altar of an unknown god.
  9692 | D:6      | Found a hazy altar of Hepliaklqana.
  9694 | D:6      | Found a white marble altar of Elyvilon.
  9696 | D:6      | Found a hide-covered altar of Uskayaw.
  9872 | D:7      | Reached XP level 9. HP: 69/69 MP: 6/18
  9991 | D:7      | Noticed Harold
 10259 | D:7      | Reached * piety under Sif Muna
 10838 | D:7      | Noticed Pikel
 11359 | D:7      | Reached skill level 5 in Invocations
 11704 | D:7      | Killed Pikel
 11898 | D:7      | Found a bloodstained altar of Trog.
 12333 | D:7      | Killed Harold
 12333 | D:7      | Reached XP level 10. HP: 33/76 MP: 10/21
 13101 | D:8      | Noticed Gastronok
 13256 | D:8      | Noticed a two-headed ogre
 13302 | D:8      | Killed a two-headed ogre
 13302 | D:8      | Reached ** piety under Sif Muna
 13302 | D:8      | Reached skill level 7 in Conjurations
 14001 | D:8      | Noticed Grum
 14016 | D:8      | Killed Grum
 14076 | D:8      | Found a sparkling altar of Nemelex Xobeh.
 14271 | D:8      | Noticed Psyche
 14274 | D:8      | Paralysed by Psyche for 5 turns
 14282 | D:8      | Killed Psyche
 14282 | D:8      | Reached skill level 8 in Conjurations
 14621 | D:8      | Found a transporter.
 15148 | D:9      | Learned a level 4 spell: Iskenderun's Mystic Blast
 15153 | D:9      | Learned a level 4 spell: Force Lance
 15158 | D:9      | Learned a level 4 spell: Fulminant Prism
 15484 | D:9      | Found a sacrificial altar of Ru.
 16110 | D:9      | Reached *** piety under Sif Muna
 16248 | D:9      | Reached skill level 9 in Conjurations
 16250 | D:9      | Reached XP level 11. HP: 70/81 MP: 12/24
 16839 | D:9      | Found Xukhylup's Weapon Emporium.
 16922 | D:10     | Entered Level 10 of the Dungeon
 16955 | D:10     | Noticed Erica
 17768 | D:10     | Found a staircase to the Lair.
 17820 | D:10     | Noticed Nergalle
 17831 | D:10     | Noticed a spectral orc warlord
 17835 | D:10     | Killed Nergalle
 17899 | D:10     | Found a runed translucent gate.
 17900 | D:10     | Found a runed translucent gate.
 17900 | D:10     | Found a runed translucent gate.
 17903 | D:10     | Noticed Sar's ghost (novice DsCK)
 17905 | D:10     | Identified the +0 chain mail of the Lobster {rElec rF-
                  | Regen+ Dex+2}
 17906 | D:10     | Found a roughly hewn altar of Beogh.
 18614 | D:10     | Noticed Snorg
 18629 | D:10     | Killed Snorg
 18629 | D:10     | Reached **** piety under Sif Muna
 18629 | D:10     | Reached skill level 5 in Dodging
 18629 | D:10     | Reached skill level 10 in Conjurations
 19408 | D:11     | Identified a scroll of acquirement
 19409 | D:11     | Identified Umigohuon's Incunabulum of Confrontation (You
                  | acquired it on level 11 of the Dungeon)
 20064 | D:11     | Noticed a cyan ugly thing
 20082 | D:11     | Noticed a green ugly thing
 20084 | D:11     | Killed a cyan ugly thing
 20088 | D:11     | Killed a green ugly thing
 20928 | D:12     | Reached XP level 12. HP: 88/88 MP: 8/25
 21389 | D:12     | Noticed a two-headed ogre
 21481 | D:12     | Killed a two-headed ogre
 21494 | D:12     | Reached skill level 11 in Conjurations
 21581 | D:12     | Noticed a seven-headed hydra
 21835 | D:12     | Found a shattered altar of Ashenzari.
 22277 | D:12     | Reached ***** piety under Sif Muna
 22840 | D:12     | Identified Tugraet's Collected Works on Twisted Good Luck
                  | {god gift} (Sif Muna gifted it to you on level 12 of the
                  | Dungeon)
 22840 | D:12     | Received a gift from Sif Muna
 22994 | D:12     | Killed a seven-headed hydra
 23242 | D:12     | Found a staircase to the Orcish Mines.
 23303 | D:12     | Identified the +6 quarterstaff "Xygrul" {crush, rC+ Int+4}
 23471 | D:12     | Found a portal to a secret trove of treasure.
 23565 | Lair:1   | Entered Level 1 of the Lair of Beasts
 24100 | Lair:1   | Found a deep blue altar of Sif Muna.
 24405 | Lair:2   | Noticed Urug
 24416 | Lair:2   | Killed Urug
 24416 | Lair:2   | Reached skill level 1 in Evocations
 25037 | Lair:2   | Reached skill level 12 in Conjurations
 25138 | Lair:2   | Noticed a five-headed hydra
 25272 | Lair:2   | Killed a five-headed hydra
 25992 | Lair:2   | Gained mutation: You are in touch with the powers of death.
                  | [Mummy growth]
 25992 | Lair:2   | Reached XP level 13. HP: 89/93 MP: 16/26
 27015 | Lair:3   | Reached skill level 5 in Evocations
 28827 | Lair:4   | Identified Sif Muna's Compendium of Feathery Glamour {god
                  | gift} (Sif Muna gifted it to you on level 4 of the Lair of
                  | Beasts)
 28827 | Lair:4   | Received a gift from Sif Muna
 28829 | Lair:4   | sif, how about giving good DAMAGING spells?!
 29095 | Lair:4   | Got a spiked ring mail
 29106 | Lair:4   | Identified the +3 ring mail "Nimuts" {Dex+4 Slay-3} (You
                  | found it on level 4 of the Lair of Beasts)
 29162 | Lair:4   | Found a hole to the Spider Nest.
 29454 | Lair:4   | Found a staircase to the Shoals.
 29717 | Lair:5   | Reached skill level 13 in Conjurations
 29844 | Lair:5   | Found a viscous altar of Jiyva.
 29845 | Lair:5   | Found a staircase to the Slime Pits.
 32490 | Lair:6   | Entered Level 6 of the Lair of Beasts
 33286 | Lair:6   | Reached XP level 14. HP: 97/100 MP: 9/27
 33645 | Lair:6   | Reached skill level 14 in Conjurations
 35956 | Lair:6   | Identified Sif Muna's Reference Book on Confrontation {god
                  | gift} (Sif Muna gifted it to you on level 6 of the Lair of
                  | Beasts)
 35956 | Lair:6   | Received a gift from Sif Muna
 35966 | Lair:6   | Learned a level 7 spell: Orb of Destruction
 37173 | Lair:5   | Reached skill level 15 in Conjurations
 40919 | D:13     | Noticed Nessos
 41291 | D:13     | Noticed Nessos
 41291 | D:13     | Nessos changed into Nessos the glowing orange brain
 41293 | D:13     | Killed Nessos the glowing orange brain
 41293 | D:13     | Reached XP level 15. HP: 92/113 MP: 20/28
 42009 | D:14     | You fall through a shaft!
 42009 | D:15     | Entered Level 15 of the Dungeon
 42445 | D:14     | Found a burning altar of Makhleb.
 42454 | D:14     | Reached skill level 10 in Spellcasting
 43270 | D:14     | Noticed Jorgrun
 43300 | D:14     | Killed Jorgrun
 43310 | D:13     | Reached skill level 10 in Fighting
 43567 | D:14     | Found a bloodstained altar of Trog.
 43605 | D:14     | Identified Sif Muna's Tome of the Glacier and Enhancements
                  | {god gift} (Sif Muna gifted it to you on level 14 of the
                  | Dungeon)
 43605 | D:14     | Received a gift from Sif Muna
 43756 | D:14     | Learned a level 4 spell: Throw Icicle
 43829 | D:14     | Found a gate to the Vaults.
 44021 | D:14     | Noticed Azrael
 44136 | D:14     | Killed Azrael
 44770 | D:14     | Got a dazzling ring mail
 44781 | D:14     | Identified the +1 ring mail of Bitsag {Dex+2} (You found it
                  | on level 14 of the Dungeon)
 44842 | D:14     | fu crawl. FU
 45183 | D:15     | Reached skill level 1 in Ice Magic
 45435 | D:15     | Found the +3 giant club "Skullcrusher" {speed, Str+7}
 45467 | D:15     | Noticed Louise
 45479 | D:15     | Killed Louise
 46076 | D:15     | Found a white marble altar of Elyvilon.
 47307 | D:15     | Identified Rueskyec's Disquisition on Flames and Air {god
                  | gift} (Sif Muna gifted it to you on level 15 of the
                  | Dungeon)
 47307 | D:15     | Received a gift from Sif Muna
 47920 | D:15     | Found a staircase to the Depths.
 48201 | D:8      | Killed Gastronok
 48402 | Orc:1    | Entered Level 1 of the Orcish Mines
 48408 | Orc:1    | Noticed Josephine
 48411 | Orc:1    | Killed Josephine
 48665 | Orc:1    | Noticed an orc warlord
 48863 | D:12     | Killed an orc warlord
 49040 | Orc:1    | Reached skill level 5 in Ice Magic
 49268 | Orc:1    | Found a roughly hewn altar of Beogh.
 49398 | Orc:1    | Found Erosse Hiff's Book Boutique.
 49417 | Orc:2    | Entered Level 2 of the Orcish Mines
 50303 | Orc:1    | Reached XP level 16. HP: 122/122 MP: 26/31
 50493 | Orc:2    | Found a staircase to the Elven Halls.
 51320 | Orc:2    | Reached skill level 16 in Conjurations
 51559 | Orc:2    | Identified Sif Muna's Disquisition on Damaging Darkness
                  | {god gift} (Sif Muna gifted it to you on level 2 of the
                  | Orcish Mines)
 51559 | Orc:2    | Received a gift from Sif Muna
 51744 | Orc:2    | Found Goynogoh's Distillery.
 51744 | Orc:2    | Found Cilurud's General Store.
 51755 | Orc:2    | Found Umifamirph's Weapon Emporium.
 51755 | Orc:2    | Found Qaaduu's Antique Weapon Shop.
 51771 | Orc:2    | Bought a scroll of teleportation for 36 gold pieces
 51771 | Orc:2    | Bought a scroll of teleportation for 36 gold pieces
 52960 | Spider:1 | Entered Level 1 of the Spider Nest
 56131 | Spider:2 | Identified Sif Muna's Incunabulum of Ignition {god gift}
                  | (Sif Muna gifted it to you on level 2 of the Spider Nest)
 56131 | Spider:2 | Received a gift from Sif Muna
 56146 | Spider:2 | Learned a level 5 spell: Fireball
 58435 | Spider:2 | Noticed Arachne
 58442 | Spider:2 | Killed Arachne
 58442 | Spider:2 | Reached skill level 17 in Conjurations
 59358 | Spider:3 | Identified Sif Muna's Catalogue of Warped Enchantment {god
                  | gift} (Sif Muna gifted it to you on level 3 of the Spider
                  | Nest)
 59358 | Spider:3 | Received a gift from Sif Muna
 59600 | Spider:3 | Reached XP level 17. HP: 128/128 MP: 16/32
 60168 | Spider:4 | Entered Level 4 of the Spider Nest
 60168 | Spider:4 | Noticed Asterion
 60236 | Spider:4 | Noticed Bai Suzhen
 61326 | Spider:4 | Learned a level 5 spell: Bolt of Magma
 61990 | Spider:4 | Killed Bai Suzhen
 61990 | Spider:4 | Reached skill level 10 in Ice Magic
 62578 | Spider:4 | Identified Yvamupt's Guide on Snow and Conjuration {god
                  | gift} (Sif Muna gifted it to you on level 4 of the Spider
                  | Nest)
 62578 | Spider:4 | Received a gift from Sif Muna
 63363 | Spider:4 | Killed Asterion
 64015 | Spider:4 | Got a gossamer rune of Zot
 64486 | Vaults:1 | Entered Level 1 of the Vaults
 64769 | Vaults:1 | Found Gyrph's Jewellery Shop.
 66079 | Vaults:1 | Identified Sif Muna's Volume of Clay and Arcane Weapons
                  | {god gift} (Sif Muna gifted it to you on level 1 of the
                  | Vaults)
 66079 | Vaults:1 | Received a gift from Sif Muna
 66398 | Vaults:1 | Reached XP level 18. HP: 134/134 MP: 22/35
 66409 | Vaults:1 | Learned a level 9 spell: Glaciate
 69852 | Vaults:2 | Received a gift from Sif Muna
 71255 | Vaults:3 | Reached skill level 15 in Spellcasting
 72155 | Vaults:3 | Noticed a lich
 72156 | Vaults:3 | Paralysed by a lich for 4 turns
 72158 | Vaults:3 | Killed a lich
 72755 | Vaults:3 | Found Gaqoo's Food Boutique.
 73100 | Vaults:3 | Identified Sif Muna's Compendium of the Rocks and Battle
                  | Magic {god gift} (Sif Muna gifted it to you on level 3 of
                  | the Vaults)
 73100 | Vaults:3 | Received a gift from Sif Muna
 73248 | Vaults:3 | Reached XP level 19. HP: 140/140 MP: 24/38
 73971 | Vaults:3 | Found a staircase to the Crypt.
 74527 | Vaults:3 | Found a staircase to the Crypt.
 74867 | Vaults:3 | Found Gaqoo's Food Boutique.
 76088 | Vaults:4 | Reached skill level 18 in Conjurations
 77360 | Vaults:4 | Reached skill level 15 in Ice Magic
 77449 | Vaults:4 | Identified Zokiyqeu's Catalogue of Dark Rites and Attacks
                  | {god gift} (Sif Muna gifted it to you on level 4 of the
                  | Vaults)
 77449 | Vaults:4 | Received a gift from Sif Muna
 80688 | Vaults:4 | Identified Sif Muna's Further Steps in Spellcraft {god
                  | gift} (Sif Muna gifted it to you on level 4 of the Vaults)
 80688 | Vaults:4 | Received a gift from Sif Muna
 81012 | Vaults:4 | Reached skill level 19 in Conjurations
 81250 | Crypt:1  | Entered Level 1 of the Crypt
 81414 | Crypt:1  | Learned a level 5 spell: Dispel Undead
 81427 | Crypt:1  | Reached skill level 1 in Necromancy
 81597 | Crypt:1  | Reached XP level 20. HP: 147/147 MP: 31/39
 81823 | Crypt:1  | Found a basalt altar of Yredelemnul.
 82471 | Crypt:1  | Reached skill level 5 in Necromancy
 84197 | Crypt:2  | Identified Sif Muna's Compendium of Bewitching Necromancy
                  | {god gift} (Sif Muna gifted it to you on level 2 of the
                  | Crypt)
 84197 | Crypt:2  | Received a gift from Sif Muna
 84962 | Crypt:3  | Entered Level 3 of the Crypt
 86228 | Crypt:3  | Found a basalt altar of Yredelemnul.
 86280 | Crypt:3  | Reached skill level 10 in Necromancy
 87146 | Crypt:3  | Identified Sif Muna's Almanac of Captivating Transmigration
                  | {god gift} (Sif Muna gifted it to you on level 3 of the
                  | Crypt)
 87146 | Crypt:3  | Received a gift from Sif Muna
 87630 | Crypt:3  | Identified Kikubaaqudgha's Guide on Stolen Souls
 88158 | Crypt:3  | Noticed a bone dragon
 88163 | Crypt:3  | Killed a bone dragon
 88186 | Crypt:3  | Got an ancient lapis lazuli ring
 88186 | Crypt:3  | Got a transparent golden ring
 88187 | Crypt:3  | Identified the ring of Okutiph {rF- rN+ Str+2 Int+10} (You
                  | found it on level 3 of the Crypt)
 88188 | Crypt:3  | Identified the ring "Moesol Tone" {rC++ rN+ MR+ Dex+3} (You
                  | found it on level 3 of the Crypt)
 88420 | Crypt:3  | Found a staircase to the Tomb.
 88420 | Crypt:3  | Noticed an ancient lich
 88424 | Crypt:3  | Killed an ancient lich
 88425 | Crypt:3  | Reached XP level 21. HP: 153/153 MP: 20/40
 88593 | Crypt:3  | Noticed a profane servitor
 88597 | Crypt:3  | Killed a profane servitor
 89310 | Depths:1 | Entered Level 1 of the Depths
 89663 | Elf:1    | Entered Level 1 of the Elven Halls
 89671 | Elf:1    | Identified Sif Muna's Catalogue of Flamy Attacks {god gift}
                  | (Sif Muna gifted it to you on level 1 of the Elven Halls)
 89671 | Elf:1    | Received a gift from Sif Muna
 91518 | Elf:2    | Found Natsutiw's Distillery.
 93419 | Elf:2    | Found a runed translucent door.
 93442 | Elf:2    | Found a runed translucent door.
 93633 | Elf:2    | Learned a level 6 spell: Freezing Cloud
 93642 | Elf:2    | Learned a level 6 spell: Bolt of Cold
 93657 | Elf:3    | Entered Level 3 of the Elven Halls
 93733 | Elf:3    | Reached skill level 20 in Conjurations
 95908 | Elf:3    | Identified the cursed +1 robe of Seurghoz {rF- rC+++ Regen+
                  | Int+6}
 95908 | Elf:3    | Identified the amulet "Qimpirrocu" {Faith -Tele +Fly rN+
                  | Str+6}
 96343 | Elf:3    | Cast into level 2 of the Abyss (a deep elf demonologist)
 96435 | Elf:3    | Escaped the Abyss
 96948 | Elf:3    | Identified the +9 battleaxe of Dulurih {venom, Str+6 Dex+3}
 96948 | Elf:3    | Identified the cursed +1 scale mail of Sloth {rF++ rN+
                  | Str-2 Int+3}
 96948 | Elf:3    | Identified the ring "Fugg" {rPois rC+++ MR+ Str-5 Int-3}
 97378 | Elf:3    | Reached XP level 22. HP: 159/159 MP: 25/41
 97652 | Elf:3    | Identified Eziaciest's Reference Book on Sinister Magic and
                  | Enchantment
 99474 | Depths:1 | Identified Sif Muna's Disquisition on Fetching
                  | Weightlessness {god gift} (Sif Muna gifted it to you on
                  | level 1 of the Depths)
 99474 | Depths:1 | Received a gift from Sif Muna
 99620 | Depths:1 | Found a one-way gate to the infinite horrors of the Abyss.
100497 | Depths:1 | Found Feraeloz's One-of-a-Kind Books.
100509 | Depths:1 | Found a gateway to Hell.
101423 | Depths:2 | Noticed a caustic shrike
101427 | Depths:2 | Killed a caustic shrike
101883 | Depths:2 | Noticed a caustic shrike
101890 | Depths:2 | Killed a caustic shrike
102124 | Depths:2 | Found Zoaxtu's Weapon Emporium.
102169 | Depths:2 | Bought the +7 great sword of Righteous Fury {slice, Int+7
                  | Dex+7 SInv} for 1450 gold pieces
102421 | Depths:2 | Learned a level 1 spell: Apportation
102475 | Depths:2 | Paralysed by a floating eye for 3 turns
103132 | Depths:2 | Found a one-way gate leading to the halls of Pandemonium.
103485 | Depths:3 | Identified Sif Muna's Catalogue of Supportive Hexes {god
                  | gift} (Sif Muna gifted it to you on level 3 of the Depths)
103485 | Depths:3 | Received a gift from Sif Muna
104498 | Depths:3 | Reached skill level 21 in Conjurations
104775 | Depths:3 | Identified the +0 robe "Syedosch" {+Inv Str+2 Int+2}
105596 | Depths:3 | Reached XP level 23. HP: 165/165 MP: 23/42
106767 | Depths:4 | Identified Sif Muna's Collected Works on Conjuration and
                  | Moulding {god gift} (Sif Muna gifted it to you on level 4
                  | of the Depths)
106767 | Depths:4 | Received a gift from Sif Muna
107015 | Depths:4 | Noticed a caustic shrike
107565 | Depths:4 | Killed a caustic shrike
108713 | Depths:4 | Found a shattered altar of Ashenzari.
109181 | Depths:4 | Found a corrupted altar of Lugonu.
109495 | Depths:5 | Entered Level 5 of the Depths
109497 | Depths:5 | Identified Sif Muna's Compendium of Execration {god gift}
                  | (Sif Muna gifted it to you on level 5 of the Depths)
109497 | Depths:5 | Received a gift from Sif Muna
109507 | Depths:5 | Noticed a caustic shrike
109508 | Depths:5 | Noticed a caustic shrike
109510 | Depths:5 | Killed a caustic shrike
109513 | Depths:5 | Killed a caustic shrike
110256 | Depths:4 | HP: 1/165 [spark wasp/living lightning (22)]
110256 | Depths:4 | Annihilated by a spark wasp
